 Dungeon Crawl Stone Soup version 0.20.1-1-g8b1a95d (webtiles) character file.

67 Tr0llz0r the Slasher (level 4, -4/40 HPs)
             Began as a Draconian Berserker on Aug 25, 2017.
             Was a Follower of Trog.
             Slain by an orc wizard
             ... wielding a +0 dagger
              (5 damage)
             ... on level 3 of the Dungeon.
             The game lasted 00:12:18 (2092 turns).

Tr0llz0r the Slasher (Draconian Berserker)          Turns: 2092, Time: 00:12:18

Health: -4/40      AC:  6    Str: 20 (21) XL:     4   Next: 0%
Magic:  4/4        EV: 12    Int:  6 (7)  God:    Trog [*.....]
Gold:   100        SH:  0    Dex:  8 (10) Spells: 3/3 levels left

rFire    . . .     SeeInvis .   a - +0 falchion
rCold    . . .     Gourm    .   (no shield)
rNeg     . . .     Faith    .   (armour unavailable)
rPois    .         Spirit   .   (helmet restricted)
rElec    .         Reflect  .   (no cloak)
rCorr    .         Harm     .   d - +0 pair of gloves
MR       .....                  (no boots)
Stlth    +.........             (no amulet)
Regen    0.2/turn               (no ring)
MPRegen  0.1/turn               (no ring)

@: lethally poisoned (-4 -> -5)
A: unfitting armour, claws 1, stinger 1, cold-blooded, AC +5
a: Berserk, Burn Spellbooks, Renounce Religion


You were on level 3 of the Dungeon.
You worshipped Trog.
Trog was aware of your devotion.
You were not hungry.

You visited 1 branch of the dungeon, and saw 3 of its levels.

You collected 100 gold pieces.

Inventory:

Hand Weapons
 a - a +0 falchion (weapon)
 e - a +4 dagger
Missiles
 j - 7 tomahawks (quivered)
Armour
 d - a +0 pair of gloves (worn)
Scrolls
 g - 2 scrolls of remove curse
 i - a scroll of recharging {unknown}
 k - a scroll of teleportation {unknown}
 l - 3 scrolls of identify {unknown}
 n - 2 scrolls of amnesia {unknown}
 q - a scroll of random uselessness {unknown}
Potions
 f - a potion of agility
Comestibles
 b - a bread ration
 c - 2 fruits
 h - 2 meat rations


   Skills:
 + Level 3.8 Fighting
 + Level 4.0 Long Blades
 + Level 3.2 Dodging
 + Level 0.4 Stealth


You had 3 spell levels left.
You didn't know any spells.

Dungeon Overview and Level Annotations

Branches:
Dungeon (2/15)

Altars:


Innate Abilities, Weirdness & Mutations

Your plain brown scales are hard. (AC +5)
You cannot fit into any form of body armour.
You are cold-blooded and may be slowed by cold attacks.
You have sharp fingernails.
Your tail ends in a poisonous barb.


Message History

Something hits you but does no damage.
You barely miss something. Something hits you but does no damage.
Something hits you.
You miss something.
You hear some strange, mumbled words.
A puff of flame appears from out of thin air!
The puff of flame misses you.
You closely miss something.
You feel sick. Something hits you but does no damage.
You hear some strange, mumbled words.
A puff of flame appears from out of thin air!
The puff of flame hits you!
* * * LOW HITPOINT WARNING * * *
You barely miss something. Something hits you but does no damage.
Something hits you.
* * * LOW HITPOINT WARNING * * *
As you read the scroll labeled WIOSOSHRU YSIY, it crumbles to dust.
You feel blessed for a moment.
It was a scroll of remove curse.
Something hits you.
You die...

...## . ...####..
...#.... . .....# ..
...### ... ...# ....
...############## .....
##..............##o.....
##############.@)o.....
####o..... ..<.. ....
>.. .. .


You could see 3 orcs.

Vanquished Creatures
  A centaur zombie (D:3)
  An adder (D:2)
  A leopard gecko (D:2)
  An orc (D:3)
  2 giant cockroaches
  3 hobgoblins
  2 jackals (D:1)
  4 frilled lizards (D:2)
  2 goblins
  3 kobolds
  4 rats
  7 toadstools (D:1)
31 creatures vanquished.

Notes
Turn   | Place    | Note
-------+----------+-------------------------------------------
     0 | D:1      | Tr0llz0r the Draconian Berserker began the quest for the Orb.
     0 | D:1      | Reached XP level 1. HP: 19/19 MP: 1/1
  1058 | D:1      | Reached XP level 2. HP: 24/26 MP: 2/2
  1711 | D:2      | Gained mutation: You have sharp fingernails. [potion of mutation]
  1711 | D:2      | Gained mutation: Your tail ends in a poisonous barb. [potion of mutation]
  1711 | D:2      | Reached XP level 3. HP: 10/31 MP: 3/3
  2033 | D:2      | You fall through a shaft!
  2046 | D:3      | Reached skill level 4 in Long Blades
  2080 | D:3      | Reached XP level 4. HP: 22/40 MP: 4/4
  2091 | D:3      | HP: 1/40 [something (5)]
  2092 | D:3      | Slain by an orc wizard

Skill      XL: |  1  2  3 |
---------------+----------+-----
Dodging        | 3 |  3.2
Long Blades    | 4 |  4.0
Fighting       | |  3.8
Stealth        | |  0.4

Action                   |  1- 3 |  4- 6 || total
-------------------------+-------+-------++-------
Melee: Falchion          |    81 |    11 ||    92
       Tailslap          |    14 |       ||    14
  Use: Potion            |     6 |       ||     6
       Scroll            |       |     1 ||     1
 Stab: Sleeping          |     1 |       ||     1
  Eat: Meat ration       |     1 |       ||     1
Armor: Skin              |    30 |     7 ||    37
Dodge: Dodged            |    51 |     2 ||    53
       Rpst.: Falchion   |    15 |       ||    15
